PBL
NIAGARA FALLS PHANTOMS @ WINDY CITY THUNDERBOLTS
08/22/2047
 
TOP OF THE 1ST
Niagara Falls Phantoms batting - Pitching for Windy City ThunderBolts : LHP Phil Peterson
Pitching: LHP Phil Peterson
Batting: RHB Paul Ngumi 0-0: Fly out, F7 (Flyball, 7D, EV 99.4 MPH)
Batting: RHB Tchaa Kombate 0-0: Called Strike
0-1: Fly out, F8 (Flyball, 8LD, EV 91.9 MPH)
Batting: LHB Danny de Leon 0-0: Called Strike
0-1: Ground out 4-3 (Groundball, 4M, EV 80.0 MPH)
Top of the 1st over - 0 runs, 0 hits, 0 errors, 0 left on base; Niagara Falls 0 - Windy City 0
BOTTOM OF THE 1ST
Windy City ThunderBolts batting - Pitching for Niagara Falls Phantoms : RHP Lucas Uil
Pitching: RHP Lucas Uil
Batting: SHB Danny Gallegos 0-0: Ball
1-0: Ball
2-0: Fly out, F6 (Popup, 6, EV 53.1 MPH)
Batting: LHB Jose Pereyra 0-0: Ground out 6-3 (Groundball, 6, EV 85.0 MPH)
Batting: RHB Tyrell Camp 0-0: Called Strike
0-1: Foul Ball, location: 2F
0-2: Strikes out swinging
Bottom of the 1st over - 0 runs, 0 hits, 0 errors, 0 left on base; Niagara Falls 0 - Windy City 0
TOP OF THE 2ND
Niagara Falls Phantoms batting - Pitching for Windy City ThunderBolts : LHP Phil Peterson
Batting: RHB Ken Stair 0-0: Swinging Strike
0-1: Foul Ball, location: 2F
0-2: Foul Ball, location: 2F
0-2: Ball
1-2: Ball
2-2: Strikes out looking
Batting: SHB Dylan Best 0-0: Foul Ball, location: 2F
0-1: Swinging Strike
0-2: Foul Ball, location: 2F
0-2: Ball
1-2: Ball
2-2: Strikes out swinging
Batting: RHB Jose Villanueva 0-0: Swinging Strike
0-1: Foul Ball, location: 2F
0-2: Strikes out looking
Top of the 2nd over - 0 runs, 0 hits, 0 errors, 0 left on base; Niagara Falls 0 - Windy City 0
BOTTOM OF THE 2ND
Windy City ThunderBolts batting - Pitching for Niagara Falls Phantoms : RHP Lucas Uil
Batting: SHB Rob Haney 0-0: Ground out U3 (Groundball, 3D, EV 81.9 MPH)
Batting: RHB Nhat Phong 0-0: Ground out 6-3 (Groundball, 6, EV 90.0 MPH)
Batting: RHB Joselito Santos 0-0: SINGLE (Flyball, 8RS, EV 95.6 MPH)
Batting: RHB Joe Thomas 0-0: Called Strike
0-1: Foul Ball, location: 2F
0-2: Ball
1-2: Strikes out swinging
Bottom of the 2nd over - 0 runs, 1 hit, 0 errors, 1 left on base; Niagara Falls 0 - Windy City 0
TOP OF THE 3RD
Niagara Falls Phantoms batting - Pitching for Windy City ThunderBolts : LHP Phil Peterson
Batting: RHB Arturo Gomez 0-0: Swinging Strike
0-1: Swinging Strike
0-2: Strikes out looking
Batting: LHB Dave Ortiz 0-0: Foul Ball, location: 2F
0-1: Ball
1-1: Ball
2-1: Fly out, F8 (Flyball, 8LM, EV 81.9 MPH)
Batting: LHB Victor Reyna 0-0: Called Strike
0-1: Foul Ball, location: 2F
0-2: Strikes out swinging
Top of the 3rd over - 0 runs, 0 hits, 0 errors, 0 left on base; Niagara Falls 0 - Windy City 0
BOTTOM OF THE 3RD
Windy City ThunderBolts batting - Pitching for Niagara Falls Phantoms : RHP Lucas Uil
Batting: RHB Dave Dominguez 0-0: Foul Ball, location: 2F
0-1: Called Strike
0-2: Ball
1-2: Fly out, F8 (Flyball, 8RD, EV 88.1 MPH)
Batting: RHB Miguel Pacheco 0-0: Called Strike
0-1: Foul Ball, location: 2F
0-2: Foul Ball, location: 2F
0-2: Strikes out looking
Batting: SHB Danny Gallegos 0-0: Called Strike
0-1: Ball
1-1: Ball
2-1: Ball
3-1: Base on Balls
Batting: LHB Jose Pereyra 0-0: Called Strike
Danny Gallegos steals 2nd base (no throw)
0-1: Called Strike
0-2: Strikes out swinging
Bottom of the 3rd over - 0 runs, 0 hits, 0 errors, 1 left on base; Niagara Falls 0 - Windy City 0
TOP OF THE 4TH
Niagara Falls Phantoms batting - Pitching for Windy City ThunderBolts : LHP Phil Peterson
Batting: RHB Paul Ngumi 0-0: Fly out, F9 (Flyball, 9LM, EV 91.9 MPH)
Batting: RHB Tchaa Kombate 0-0: Hit by Pitch
Batting: LHB Danny de Leon 0-0: Ball
1-0: Ball
2-0: Fly out, F9 (Flyball, 9LD, EV 90.0 MPH)
Batting: RHB Ken Stair 0-0: Ball
1-0: Foul Ball, location: 2F
1-1: Called Strike
1-2: Strikes out swinging
Top of the 4th over - 0 runs, 0 hits, 0 errors, 1 left on base; Niagara Falls 0 - Windy City 0
BOTTOM OF THE 4TH
Windy City ThunderBolts batting - Pitching for Niagara Falls Phantoms : RHP Lucas Uil
Batting: RHB Tyrell Camp 0-0: Called Strike
0-1: Called Strike
0-2: Strikes out looking
Batting: SHB Rob Haney 0-0: Foul Ball, location: 2F
0-1: Foul Ball, location: 2F
0-2: Ball
1-2: Strikes out swinging
Batting: RHB Nhat Phong 0-0: Ball
1-0: Fly out, F6 (Line Drive, 6, EV 66.9 MPH)
Bottom of the 4th over - 0 runs, 0 hits, 0 errors, 0 left on base; Niagara Falls 0 - Windy City 0
TOP OF THE 5TH
Niagara Falls Phantoms batting - Pitching for Windy City ThunderBolts : LHP Phil Peterson
Batting: SHB Dylan Best 0-0: Called Strike
0-1: Foul Ball, location: 2F
0-2: Ball
1-2: Ball
2-2: Reached on error, E5 (Groundball, 56S, EV 80.6 MPH)
Batting: RHB Jose Villanueva 0-0: Fly out, F8 (Flyball, 8LS, EV 91.2 MPH)
Batting: RHB Arturo Gomez 0-0: Fly out, F8 (Flyball, 8RM, EV 92.5 MPH)
Batting: LHB Dave Ortiz 0-0: Ball
Dylan Best is caught stealing 2nd base 2-6
Top of the 5th over - 0 runs, 0 hits, 1 error, 0 left on base; Niagara Falls 0 - Windy City 0
BOTTOM OF THE 5TH
Windy City ThunderBolts batting - Pitching for Niagara Falls Phantoms : RHP Lucas Uil
Batting: RHB Joselito Santos 0-0: Ball
1-0: Swinging Strike
1-1: Ball
2-1: Ground out 6-3 (Groundball, 6M, EV 83.1 MPH)
Batting: RHB Joe Thomas 0-0: Called Strike
0-1: Ball
1-1: Called Strike
1-2: Ball
2-2: Ball
3-2: Base on Balls
Batting: RHB Dave Dominguez 0-0: Called Strike
0-1: Swinging Strike
0-2: Ball
1-2: Ball
2-2: Ball
3-2: Base on Balls
Joe Thomas to second
Batting: RHB Miguel Pacheco 0-0: Called Strike
0-1: Ball
1-1: Foul Ball, location: 2F
1-2: Ball
2-2: Fly out, F9 (Flyball, 89M, EV 90.6 MPH)
Batting: SHB Danny Gallegos 0-0: Ball
1-0: Fly out, F7 (Flyball, 7D, EV 98.1 MPH)
Bottom of the 5th over - 0 runs, 0 hits, 0 errors, 2 left on base; Niagara Falls 0 - Windy City 0
TOP OF THE 6TH
Niagara Falls Phantoms batting - Pitching for Windy City ThunderBolts : LHP Phil Peterson
Batting: LHB Dave Ortiz 0-0: Ball
1-0: Called Strike
1-1: Foul Ball, location: 2F
1-2: Strikes out looking
Batting: LHB Victor Reyna 0-0: Ball
1-0: Ball
2-0: Called Strike
2-1: Ball
3-1: Foul Ball, location: 2F
3-2: Fly out, F7 (Flyball, 7, EV 83.8 MPH)
Batting: RHB Paul Ngumi 0-0: Called Strike
0-1: Foul Ball, location: 2F
0-2: Ball
1-2: Foul Ball, location: 2F
1-2: Ball
2-2: Ball
3-2: Strikes out swinging
Top of the 6th over - 0 runs, 0 hits, 0 errors, 0 left on base; Niagara Falls 0 - Windy City 0
BOTTOM OF THE 6TH
Windy City ThunderBolts batting - Pitching for Niagara Falls Phantoms : RHP Lucas Uil
Batting: LHB Jose Pereyra 0-0: Fly out, F7 (Line Drive, 78M, EV 93.8 MPH)
Batting: RHB Tyrell Camp 0-0: Ball
1-0: Foul Ball, location: 2F
1-1: Foul Ball, location: 2F
1-2: SINGLE (Groundball, 6MD, EV 96.2 MPH)
Batting: SHB Rob Haney 0-0: Called Strike
0-1: Ball
1-1: Called Strike
1-2: Fly out, F7 (Flyball, 7, EV 86.9 MPH)
Batting: RHB Nhat Phong 0-0: Ball
1-0: Foul Ball, location: 2F
1-1: Called Strike
1-2: Foul Ball, location: 2F
1-2: Strikes out swinging
Bottom of the 6th over - 0 runs, 1 hit, 0 errors, 1 left on base; Niagara Falls 0 - Windy City 0
TOP OF THE 7TH
Niagara Falls Phantoms batting - Pitching for Windy City ThunderBolts : LHP Phil Peterson
Batting: RHB Tchaa Kombate 0-0: Ball
1-0: Called Strike
1-1: Ground out 5-3 (Groundball, 5, EV 96.9 MPH)
Batting: LHB Danny de Leon 0-0: Ground out 2-3 (Groundball, 2L, EV 65.0 MPH)
Batting: RHB Ken Stair 0-0: Called Strike
0-1: Foul Ball, location: 2F
0-2: Strikes out looking
Top of the 7th over - 0 runs, 0 hits, 0 errors, 0 left on base; Niagara Falls 0 - Windy City 0
BOTTOM OF THE 7TH
Windy City ThunderBolts batting - Pitching for Niagara Falls Phantoms : RHP Lucas Uil
Batting: RHB Joselito Santos 0-0: Called Strike
0-1: Ball
1-1: SINGLE (Line Drive, 4D, EV 109.4 MPH)
Batting: RHB Joe Thomas 0-0: Ball
1-0: Ball
2-0: Ball
3-0: Fly out, F8 (Flyball, 8RD, EV 101.9 MPH)
Batting: RHB Dave Dominguez 0-0: Foul Ball, location: 2F
0-1: Ball
1-1: Foul Ball, location: 2F
1-2: Foul Ball, location: 2F
1-2: Strikes out swinging
Batting: RHB Miguel Pacheco 0-0: Foul Ball, location: 2F
0-1: Foul Ball, location: 2F
0-2: Strikes out looking
Bottom of the 7th over - 0 runs, 1 hit, 0 errors, 1 left on base; Niagara Falls 0 - Windy City 0
TOP OF THE 8TH
Niagara Falls Phantoms batting - Pitching for Windy City ThunderBolts : LHP Phil Peterson
Batting: SHB Dylan Best 0-0: Foul Ball, location: 2F
0-1: SINGLE (Line Drive, 9S, EV 105.0 MPH)
Batting: RHB Jose Villanueva 0-0: Ball
1-0: Called Strike
1-1: Ball
2-1: Fielders Choice at 2nd, 5-4 (Groundball, 56, EV 89.4 MPH)
Pinch Hitting: LHB Chris Viehman 0-0: Ball
1-0: Swinging Strike
1-1: Swinging Strike
1-2: Strikes out looking
Pitching: LHP James Reynolds
Batting: LHB Dave Ortiz 0-0: Called Strike
0-1: Fly out, F7 (Flyball, 7LS, EV 90.6 MPH)
Top of the 8th over - 0 runs, 1 hit, 0 errors, 1 left on base; Niagara Falls 0 - Windy City 0
BOTTOM OF THE 8TH
Windy City ThunderBolts batting - Pitching for Niagara Falls Phantoms : RHP Lucas Uil
Now at 1B: Chris Viehman
Batting: SHB Danny Gallegos 0-0: Ground out 4-3 (Groundball, 4, EV 83.1 MPH)
Batting: LHB Jose Pereyra 0-0: Ball
1-0: Swinging Strike
1-1: Ball
2-1: Ball
3-1: Foul Ball, location: 2F
3-2: Fly out, F9 (Flyball, 89D, EV 86.2 MPH)
Batting: RHB Tyrell Camp 0-0: Called Strike
0-1: Ball
1-1: SINGLE (Groundball, 6MD, EV 94.4 MPH)
Batting: SHB Rob Haney 0-0: Swinging Strike
0-1: Ball
1-1: Swinging Strike
1-2: Ball
2-2: Strikes out looking
Bottom of the 8th over - 0 runs, 1 hit, 0 errors, 1 left on base; Niagara Falls 0 - Windy City 0
TOP OF THE 9TH
Niagara Falls Phantoms batting - Pitching for Windy City ThunderBolts : LHP James Reynolds
Pinch Hitting: LHB Luis Ponce 0-0: Ball
1-0: Fly out, F8 (Line Drive, 8LD, EV 106.2 MPH)
Batting: RHB Paul Ngumi 0-0: Ball
1-0: Ball
2-0: Called Strike
2-1: Called Strike
2-2: Fly out, F8 (Flyball, 8LD, EV 108.8 MPH)
Batting: RHB Tchaa Kombate 0-0: Called Strike
0-1: Foul Ball, location: 2F
0-2: Ball
1-2: Foul Ball, location: 2F
1-2: Strikes out swinging
Top of the 9th over - 0 runs, 0 hits, 0 errors, 0 left on base; Niagara Falls 0 - Windy City 0
BOTTOM OF THE 9TH
Windy City ThunderBolts batting - Pitching for Niagara Falls Phantoms : RHP Lucas Uil
Pitching: RHP Frank Medrano
Now in CF: Hui Li
Pinch Hitting: RHB Eddie Dimas 0-0: Called Strike
0-1: Ball
1-1: SINGLE (Line Drive, 6MD, EV 97.5 MPH)
Batting: RHB Joselito Santos 0-0: Swinging Strike
0-1: Ball
1-1: Ball
2-1: Foul Ball, location: 2F
2-2: Ball
3-2: Foul Ball, location: 2F
3-2: SINGLE (Groundball, 6MD, EV 96.9 MPH)
Eddie Dimas to second
Runner from 2nd tries for 3rd, OUT! 8-5
Batting: RHB Joe Thomas 0-0: Ball
1-0: Ball
2-0: Ball
3-0: Called Strike
3-1: DOUBLE (Line Drive, 9LM, EV 93.1 MPH)
Joselito Santos to third
Batting: RHB Dave Dominguez 0-0: Intentional Walk
Batting: RHB Miguel Pacheco 0-0: Fly out, F7 (Line Drive, 78S, EV 93.8 MPH)
Batting: SHB Danny Gallegos 0-0: SINGLE (Groundball, 4D, EV 96.2 MPH)
Joselito Santos scores
Bottom of the 9th over - 1 run, 4 hits, 0 errors, 2 left on base; Niagara Falls 0 - Windy City 1
Thursday, December 15th , 2022 - OOTP Baseball 23.9 Build 102